 Dungeon Crawl Stone Soup version 0.28.0 (webtiles) character file.

Game seed: 17832074974085652505

56 a3don the Sneak (level 3, 0/16 HPs)
             Began as a Spriggan Enchanter on Feb 14, 2022.
             Slain by Ijyb (3 damage)
             ... on level 3 of the Dungeon.
             The game lasted 00:03:49 (1503 turns).

a3don the Sneak (Spriggan Enchanter)                Turns: 1503, Time: 00:03:50

Health: 0/16       AC:  2    Str:  4    XL:     3   Next: 69%
Magic:  5/8        EV: 18    Int: 18    God:
Gold:   51         SH:  0    Dex: 15    Spells: 6/8 levels left

rFire   . . .      SeeInvis +   l - +1 dagger (elec)
rCold   . . .      Faith    .   (no shield)
rNeg    . . .      Spirit   .   b - +0 robe
rPois   .          Reflect  .   (helmet restricted)
rElec   .          Harm     .   (no cloak)
rCorr   .          Rampage  .   (gloves unavailable)
Will    .....                   (boots unavailable)
Stlth   +++.......              (no amulet)
HPRegen 0.05/turn               (no ring)
MPRegen 0.11/turn               (no ring)

@: very quick
A: very small, no large weapons, unfitting armour, see invisible, speed 3
a: no special abilities


You were on level 3 of the Dungeon.
You visited 1 branch of the dungeon, and saw 3 of its levels.

You collected 51 gold pieces.

Inventory:

Hand Weapons
 a - a +1 dagger
 d - a +1 dagger of protection
 h - a +2 mace of protection
 l - a +1 dagger of electrocution (weapon)
Missiles
 e - 3 poisoned darts (quivered)
 n - 22 stones
Armour
 b - a +0 robe (worn)
Scrolls
 f - a scroll of magic mapping {unknown}
 g - a scroll of torment {unknown}
 i - a scroll of identify {unknown}
 j - a scroll of teleportation {unknown}
 k - a scroll of holy word {unknown}
 o - a scroll of noise {unknown}
Potions
 c - a potion of invisibility
 m - a potion of might {unknown}


   Skills:
 + Level 2.0 Short Blades
 + Level 3.4 Dodging
 + Level 5.1 Stealth
 + Level 3.2 Spellcasting
 + Level 4.1 Hexes


You had 6 spell levels left.
You knew the following spells:

 Your Spells              Type           Power      Damage    Failure   Level
a - Ensorcelled Hibernat  Hex/Ice        20%        N/A       11%         2

Your spell library contained the following spells:

 Spells                   Type           Power      Damage    Failure   Level
 Confusing Touch          Hex            17%        N/A       9%          3
 Tukima's Dance           Hex            17%        N/A       9%          3
 Dazzling Flash           Conj/Hex       20%        N/A       21%         3


Dungeon Overview and Level Annotations

Branches:
Dungeon (3/15)

Altars:

Shops:
D:1 :

Annotations:
D:3 Ijyb


Innate Abilities, Weirdness & Mutations

You are very small and have problems with some larger weapons.
You are too small for most types of armour.
You have supernaturally acute eyesight. (SInv)
You cover ground extremely quickly. (Speed+++)


Message History

The helpless Ijyb fails to defend herself.
You impale Ijyb!!
Ijyb is almost dead.
The bat misses you.
Ijyb zaps a wand.
The puff of flame misses you.
You closely miss Ijyb. Your punch misses Ijyb.
Ijyb is almost dead.
The bat hits you but does no damage. Ijyb hits you with a +0 club.
You hit Ijyb but do no damage.
Ijyb is almost dead.
The bat completely misses you.
You barely miss Ijyb.
Ijyb is almost dead.
The bat closely misses you. Ijyb hits you with a +0 club.
You barely miss Ijyb.
Ijyb is almost dead.
Ijyb screams, "Die!"
Ijyb closely misses you. The orc completely misses you.
You barely miss Ijyb. You punch Ijyb, but do no damage.
Ijyb is almost dead.
The bat closely misses you. Ijyb hits you with a +0 club.
The orc hits you but does no damage.
Ijyb zaps a wand.
The puff of flame misses you.
You barely miss the orc. The orc misses you.
You hit the orc. Lightning courses through the orc!
You kill the orc!
The bat misses you. The bat hits you but does no damage.
Your Short Blades skill increases to level 2!
You completely miss the bat. The bat hits you but does no damage.
The bat misses you. The bat misses you. Ijyb misses you.
Items here: $ ) ? [.
You hit Ijyb but do no damage.
Ijyb is almost dead.
The bat misses you. Ijyb hits you with a +0 club.
* * * LOW HITPOINT WARNING * * *
Okay, then.
You hit Ijyb.
Ijyb is almost dead.
The bat completely misses you. Ijyb hits you with a +0 club.
You die...

.... ##.. . #..# ##...
#. #..# #.... .#.#
#.##### ##.####....
....##.....###........##
.#...#####......####..##
.........##..#..# #..##
......b#...#....# ##....
......g@........###...#.
.......##....#..........
....... #............#..
#..[... ..##............
#........##.............
#......## .#..........
.....## #...........
..... ##.....†#.
........#<


You could see Ijyb and a bat.

Vanquished Creatures
  2 adders
  An orc (D:3)
  4 endoplasms
  5 giant cockroaches
  2 goblins (D:2)
  2 hobgoblins
  2 jackals (D:2)
  4 kobolds (D:2)
  5 ball pythons
  2 bats (D:2)
  2 frilled lizards
  3 rats
34 creatures vanquished.

Notes
Turn   | Place    | Note
-------+----------+-------------------------------------------
     0 | D:1      | a3don the Spriggan Enchanter began the quest for the Orb.
     0 | D:1      | Reached XP level 1. HP: 9/9 MP: 5/5
   442 | D:1      | Found Faungoy's Book Emporium.
   471 | D:1      | You fall into a shaft and drop 1 floor!
   493 | D:2      | Found a faded altar of an unknown god.
   580 | D:2      | Reached XP level 2. HP: 13/13 MP: 6/6
   651 | D:2      | Learned a level 2 spell: Ensorcelled Hibernation
  1067 | D:2      | Reached XP level 3. HP: 16/16 MP: 8/8
  1281 | D:2      | Reached skill level 5 in Stealth
  1484 | D:3      | Noticed Ijyb
  1503 | D:3      | Slain by Ijyb

Illustrated notes

Levels and vault maps discovered:
D:1:      roderic_crossed_star, layout_basic, serial_shops, shop_fountains,
          grunt_decor_one_mirror
D:2:      layout_rooms, dreamdust_ecumenical_altar_drowned_temple,
          grunt_ministairs_5, patterned_corridor
D:3:      layout_rooms, uniq_ijyb

Skill      XL: |  1  2  3 |
---------------+----------+-----
Dodging        | 3 |  3.4
Spellcasting   | 3 |  3.2
Hexes          | 4 |  4.1
Stealth        | 5 |  5.1
Short Blades   | 2 |  2.0

Action                   || total
-------------------------++-------
Melee: Dagger            ||   120
       Punch             ||     3
 Cast: Ensorcelled Hiber ||     9
 Stab: Sleeping          ||    15
Armor: Robe              ||    23
Dodge: Dodged            ||    98
